UNITED STATES SILVER LEAGUE
ROCKY MOUNTAIN BEARS VS NORFOLK CRUISERS
07/05/2014
 
TOP OF THE 1ST
Norfolk Cruisers batting - Pitching for Rocky Mountain Bears : RHP Dexter Charles
Pitching: RHP Dexter Charles
Batting: SHB Pancho Ríos 0-0: Fly out, F7 (Line Drive, 78M)
Batting: SHB Sancho Rivera 0-0: Called Strike
0-1: Foul Ball, location: 2F
0-2: Foul Ball, location: 2F
0-2: Strikes out swinging
Batting: RHB Pedro Peña 0-0: Ball
1-0: Foul Ball, location: 2F
1-1: Called Strike
1-2: Ball
2-2: Foul Ball, location: 2F
2-2: Strikes out looking
Top of the 1st over - 0 run(s), 0 hit(s), 0 error(s), 0 left on base; Norfolk 0 - Rocky Mountain 0
BOTTOM OF THE 1ST
Rocky Mountain Bears batting - Pitching for Norfolk Cruisers : RHP Rich Hunter
Pitching: RHP Rich Hunter
Batting: RHB Merrill Campbell 0-0: Ball
1-0: Ball
2-0: Called Strike
2-1: Ball
3-1: Base on Balls
Batting: SHB Charles Waller 0-0: Foul Ball, location: 2F
0-1: Ball
1-1: Called Strike
1-2: Ball
2-2: Ground out 5-3 (Groundball, 15S)
Merrill Campbell to second
Batting: SHB Jim Morris 0-0: Ball
1-0: Called Strike
1-1: Ball
2-1: Ball
3-1: Called Strike
3-2: Fly out, F5 (Popup, 5F)
Batting: RHB Melvin Hunter 0-0: Ball
1-0: Fly out, F2 (Popup, 2RF)
Bottom of the 1st over - 0 run(s), 0 hit(s), 0 error(s), 1 left on base; Norfolk 0 - Rocky Mountain 0
TOP OF THE 2ND
Norfolk Cruisers batting - Pitching for Rocky Mountain Bears : RHP Dexter Charles
Batting: RHB Ben Ramey 0-0: Ball
1-0: Called Strike
1-1: Foul Ball, location: 2F
1-2: Strikes out looking
Batting: RHB Terry Sylvester 0-0: Swinging Strike
0-1: Swinging Strike
0-2: Foul Ball, location: 2F
0-2: Foul Ball, location: 2F
0-2: Strikes out swinging
Batting: RHB Bill Childers 0-0: Called Strike
0-1: Foul Ball, location: 2F
0-2: Ball
1-2: Strikes out swinging
Top of the 2nd over - 0 run(s), 0 hit(s), 0 error(s), 0 left on base; Norfolk 0 - Rocky Mountain 0
BOTTOM OF THE 2ND
Rocky Mountain Bears batting - Pitching for Norfolk Cruisers : RHP Rich Hunter
Batting: LHB Tim Walker 0-0: Foul Ball, location: 2F
0-1: Foul Ball, location: 2F
0-2: Foul Ball, location: 2F
0-2: Ball
1-2: Strikes out swinging
Batting: RHB Cliff Dixon 0-0: Ball
1-0: Foul Ball, location: 2F
1-1: Ball
2-1: Foul Ball, location: 2F
2-2: Ball
3-2: Foul Ball, location: 2F
3-2: Base on Balls
Batting: RHB Jeff Gardner 0-0: Called Strike
0-1: Called Strike
0-2: Ball
1-2: Ball
2-2: Ball
3-2: Foul Ball, location: 2F
3-2: Strikes out swinging
Batting: SHB Vasco Paradela 0-0: Ground out 4-3 (Groundball, 4)
Bottom of the 2nd over - 0 run(s), 0 hit(s), 0 error(s), 1 left on base; Norfolk 0 - Rocky Mountain 0
TOP OF THE 3RD
Norfolk Cruisers batting - Pitching for Rocky Mountain Bears : RHP Dexter Charles
Batting: SHB Scott Duncan 0-0: Ball
1-0: Foul Ball, location: 2F
1-1: Ball
2-1: Ball
3-1: Base on Balls
Batting: RHB Carlos Rodríguez 0-0: Ball
1-0: Called Strike
1-1: Ball
2-1: Called Strike
2-2: Fly out, F9 (Flyball, 9M)
Batting: RHB Rich Hunter 0-0: Ball
1-0: Sac Bunt - play at first, batter OUT! 1-4
Scott Duncan to second
Batting: SHB Pancho Ríos 0-0: Called Strike
0-1: Foul Ball, location: 2F
0-2: Foul Ball, location: 2F
0-2: Ball
Wild Pitch!
Scott Duncan to third
1-2: Ball
2-2: Ball
3-2: Ground out 6-3 (Groundball, 6)
Top of the 3rd over - 0 run(s), 0 hit(s), 0 error(s), 1 left on base; Norfolk 0 - Rocky Mountain 0
BOTTOM OF THE 3RD
Rocky Mountain Bears batting - Pitching for Norfolk Cruisers : RHP Rich Hunter
Batting: RHB Dexter Charles 0-0: Ball
1-0: Called Strike
1-1: Swinging Strike
1-2: Strikes out looking
Batting: RHB Merrill Campbell 0-0: Called Strike
0-1: Foul Ball, location: 2F
0-2: Strikes out swinging
Batting: SHB Charles Waller 0-0: Foul Ball, location: 2F
0-1: Ground out 1-3 (Groundball, 15)
Bottom of the 3rd over - 0 run(s), 0 hit(s), 0 error(s), 0 left on base; Norfolk 0 - Rocky Mountain 0
TOP OF THE 4TH
Norfolk Cruisers batting - Pitching for Rocky Mountain Bears : RHP Dexter Charles
Batting: SHB Sancho Rivera 0-0: Ball
1-0: Called Strike
1-1: Called Strike
1-2: Strikes out swinging
Batting: RHB Pedro Peña 0-0: Swinging Strike
0-1: Ball
1-1: Called Strike
1-2: Ball
2-2: Strikes out swinging
Batting: RHB Ben Ramey 0-0: Ball
1-0: Swinging Strike
1-1: Foul Ball, location: 2F
1-2: Ball
2-2: Strikes out swinging
Top of the 4th over - 0 run(s), 0 hit(s), 0 error(s), 0 left on base; Norfolk 0 - Rocky Mountain 0
BOTTOM OF THE 4TH
Rocky Mountain Bears batting - Pitching for Norfolk Cruisers : RHP Rich Hunter
Batting: SHB Jim Morris 0-0: Foul Ball, location: 2F
0-1: Ball
1-1: Ground out 4-3 (Groundball, 4)
Batting: RHB Melvin Hunter 0-0: Ground out 5-3 (Groundball, 56S)
Batting: LHB Tim Walker 0-0: SINGLE (Groundball, 4M)
Batting: RHB Cliff Dixon 0-0: Called Strike
0-1: Ball
1-1: Foul Ball, location: 2F
1-2: Ball
2-2: Ball
3-2: Ground out 1-3 (Groundball, 25)
Bottom of the 4th over - 0 run(s), 1 hit(s), 0 error(s), 1 left on base; Norfolk 0 - Rocky Mountain 0
TOP OF THE 5TH
Norfolk Cruisers batting - Pitching for Rocky Mountain Bears : RHP Dexter Charles
Batting: RHB Terry Sylvester 0-0: Called Strike
0-1: Ball
1-1: Ground out 6-3 (Groundball, 6M)
Batting: RHB Bill Childers 0-0: Ball
1-0: Called Strike
1-1: SINGLE (Line Drive, 56)
Batting: SHB Scott Duncan 0-0: Called Strike
0-1: SINGLE (Line Drive, 8RS)
Bill Childers to second
Batting: RHB Carlos Rodríguez 0-0: Ball
1-0: Called Strike
1-1: Swinging Strike
1-2: Ball
2-2: Ball
3-2: Ground out 5-3 (Groundball, 5)
Bill Childers to third
Scott Duncan to second
Batting: RHB Rich Hunter 0-0: Called Strike
0-1: Ball
1-1: Foul Ball, location: 2F
1-2: Strikes out swinging
Top of the 5th over - 0 run(s), 2 hit(s), 0 error(s), 2 left on base; Norfolk 0 - Rocky Mountain 0
BOTTOM OF THE 5TH
Rocky Mountain Bears batting - Pitching for Norfolk Cruisers : RHP Rich Hunter
Batting: RHB Jeff Gardner 0-0: Fly out, F9 (Flyball, 9M)
Batting: SHB Vasco Paradela 0-0: Fly out, F7 (Flyball, 78XD)
Batting: RHB Dexter Charles 0-0: Ball
1-0: Foul Ball, location: 2F
1-1: Foul Ball, location: 2F
1-2: Ball
2-2: Ground out 2-3 (Groundball, 23)
Bottom of the 5th over - 0 run(s), 0 hit(s), 0 error(s), 0 left on base; Norfolk 0 - Rocky Mountain 0
TOP OF THE 6TH
Norfolk Cruisers batting - Pitching for Rocky Mountain Bears : RHP Dexter Charles
Batting: SHB Pancho Ríos 0-0: Ball
1-0: Ball
2-0: Ball
3-0: Swinging Strike
3-1: SINGLE (Line Drive, 7S)
Batting: SHB Sancho Rivera 0-0: Called Strike
0-1: Ball
1-1: Called Strike
1-2: Strikes out swinging
Batting: RHB Pedro Peña 0-0: Called Strike
0-1: Ball
1-1: Ball
2-1: Foul Ball, location: 2F
2-2: Foul Ball, location: 2F
2-2: Foul Ball, location: 2F
2-2: Foul Ball, location: 2F
2-2: Ball
3-2: Foul Ball, location: 2F
3-2: Foul Ball, location: 2F
3-2: Base on Balls
Pancho Ríos to second
Batting: RHB Ben Ramey 0-0: Swinging Strike
0-1: Ball
1-1: Foul Ball, location: 2F
1-2: Ball
2-2: Grounds into double play, 1-4-3 (Groundball, 25)
Top of the 6th over - 0 run(s), 1 hit(s), 0 error(s), 2 left on base; Norfolk 0 - Rocky Mountain 0
BOTTOM OF THE 6TH
Rocky Mountain Bears batting - Pitching for Norfolk Cruisers : RHP Rich Hunter
Batting: RHB Merrill Campbell 0-0: Ball
1-0: Ball
2-0: Called Strike
2-1: Foul Ball, location: 2F
2-2: Ball
3-2: Base on Balls
Batting: SHB Charles Waller 0-0: Called Strike
0-1: Fly out, F7 (Flyball, 7LM)
Batting: SHB Jim Morris 0-0: Ball
1-0: Fielders Choice at 2nd, 4-6 (Groundball, 34)
Batting: RHB Melvin Hunter 0-0: Swinging Strike
0-1: Called Strike
0-2: Foul Ball, location: 2F
0-2: Fly out, F7 (Flyball, 78S)
Bottom of the 6th over - 0 run(s), 0 hit(s), 0 error(s), 1 left on base; Norfolk 0 - Rocky Mountain 0
TOP OF THE 7TH
Norfolk Cruisers batting - Pitching for Rocky Mountain Bears : RHP Dexter Charles
Pinch Hitting: SHB Stephen Baldwin SINGLE, but batter called out on appeal for missing first base!
Pinch Hitting: RHB Frank McKinney 0-0: Called Strike
0-1: Ball
1-1: Called Strike
1-2: Ball
2-2: Ball
3-2: SINGLE (Flyball, 8RS)
Batting: SHB Scott Duncan 0-0: Foul Ball, location: 2F
0-1: 2-RUN HOME RUN (Line Drive, 89XD), Distance : 409 ft
Batting: RHB Carlos Rodríguez 0-0: Ball
1-0: Ball
2-0: Called Strike
2-1: Ball
3-1: SINGLE (Groundball, 13) (infield hit)
Pitching: LHP Rick Payne
Batting: RHB Rich Hunter 0-0: Bunted foul
0-1: Reached on error, E1 (Groundball, 15)
Carlos Rodríguez to second
Pinch Hitting: RHB San-gui Liang 0-0: Called Strike
0-1: Foul Ball, location: 2F
0-2: Ball
1-2: Ball
2-2: Foul Ball, location: 2F
2-2: DOUBLE (Line Drive, 9LS)
Carlos Rodríguez scores
Rich Hunter to third
Batting: SHB Sancho Rivera 0-0: Fly out, F9 (Flyball, 89M)
Runner from 3rd tags up, SCORES, throw made
Batting: RHB Pedro Peña 0-0: Ground out 6-3 (Groundball, 6M)
Top of the 7th over - 4 run(s), 4 hit(s), 1 error(s), 1 left on base; Norfolk 4 - Rocky Mountain 0
BOTTOM OF THE 7TH
Rocky Mountain Bears batting - Pitching for Norfolk Cruisers : RHP Rich Hunter
Now at 3B: Stephen Baldwin
Now in CF: Frank McKinney
Now in RF: Amor Rodríguez
Batting: LHB Tim Walker 0-0: Ball
1-0: Fly out, F7 (Flyball, 78D)
Batting: RHB Cliff Dixon 0-0: Called Strike
0-1: Called Strike
0-2: Ball
1-2: Foul Ball, location: 2F
1-2: Strikes out swinging
Batting: RHB Jeff Gardner 0-0: Ball
1-0: Foul Ball, location: 2F
1-1: Fly out, F6 (Popup, 6M)
Bottom of the 7th over - 0 run(s), 0 hit(s), 0 error(s), 0 left on base; Norfolk 4 - Rocky Mountain 0
TOP OF THE 8TH
Norfolk Cruisers batting - Pitching for Rocky Mountain Bears : LHP Rick Payne
Batting: RHB Ben Ramey 0-0: Ball
1-0: Swinging Strike
1-1: Foul Ball, location: 2F
1-2: Strikes out swinging
Batting: SHB Stephen Baldwin 0-0: Called Strike
0-1: Ball
1-1: Foul Ball, location: 2F
1-2: Strikes out looking
Batting: RHB Frank McKinney 0-0: Called Strike
0-1: Ball
1-1: Foul Ball, location: 2F
1-2: Fly out, F6 (Popup, 56D)
Top of the 8th over - 0 run(s), 0 hit(s), 0 error(s), 0 left on base; Norfolk 4 - Rocky Mountain 0
BOTTOM OF THE 8TH
Rocky Mountain Bears batting - Pitching for Norfolk Cruisers : RHP Rich Hunter
Batting: SHB Vasco Paradela 0-0: Ball
1-0: Ball
2-0: Ball
3-0: Base on Balls
Pinch Hitting: LHB George Taylor 0-0: Foul Ball, location: 2F
0-1: Ball
1-1: Fly out, F7 (Flyball, 7LS)
Batting: RHB Merrill Campbell 0-0: Ball
1-0: Ball
2-0: Called Strike
2-1: Foul Ball, location: 2F
2-2: Ball
3-2: Foul Ball, location: 2F
3-2: Foul Ball, location: 2F
3-2: Base on Balls
Vasco Paradela to second
Batting: SHB Charles Waller 0-0: Ball
1-0: Fly out, F7 (Flyball, 7LS)
Batting: SHB Jim Morris 0-0: Swinging Strike
0-1: Ball
1-1: Ground out 4-3 (Groundball, 4)
Bottom of the 8th over - 0 run(s), 0 hit(s), 0 error(s), 2 left on base; Norfolk 4 - Rocky Mountain 0
TOP OF THE 9TH
Norfolk Cruisers batting - Pitching for Rocky Mountain Bears : LHP Rick Payne
Pitching: RHP John Dodson
Batting: SHB Scott Duncan 0-0: Ball
1-0: Ball
2-0: Ball
3-0: Base on Balls
Batting: RHB Carlos Rodríguez 0-0: Ball
Pickoff Throw to First - Out!
1-0: Ground out 5-3 (Groundball, 5S)
Pinch Hitting: RHB James Bolden 0-0: Called Strike
0-1: Fly out, F3 (Popup, 3F)
Top of the 9th over - 0 run(s), 0 hit(s), 0 error(s), 0 left on base; Norfolk 4 - Rocky Mountain 0
BOTTOM OF THE 9TH
Rocky Mountain Bears batting - Pitching for Norfolk Cruisers : RHP Rich Hunter
Pitching: RHP Brian Bradley
Batting: RHB Melvin Hunter 0-0: Called Strike
0-1: Ball
1-1: Foul Ball, location: 2F
1-2: Foul Ball, location: 2F
1-2: Strikes out looking
Batting: LHB Tim Walker 0-0: Foul Ball, location: 2F
0-1: Ball
1-1: SINGLE (Groundball, 34D)
Batting: RHB Cliff Dixon 0-0: Swinging Strike
0-1: Ball
1-1: Ball
2-1: Foul Ball, location: 2F
2-2: Ball
3-2: SINGLE (Groundball, 56D)
Tim Walker to second
Batting: RHB Jeff Gardner 0-0: Foul Ball, location: 2F
0-1: Swinging Strike
0-2: Ball
1-2: Strikes out swinging
Batting: SHB Vasco Paradela 0-0: Called Strike
0-1: Ball
1-1: Foul Ball, location: 2F
1-2: Strikes out swinging
Bottom of the 9th over - 0 run(s), 2 hit(s), 0 error(s), 2 left on base; Norfolk 4 - Rocky Mountain 0
This league is powered by Out of the Park Baseball, the baseball management simulation game for PC, Mac and Linux
Thursday, April 24th, 2014 - OOTP Baseball 14.6 Build 33